 Dungeon Crawl Stone Soup version 0.30-a0-23-ge60ba3568b (webtiles) character file.

Game seed: 8855383057311884721

123 Hubris850 the Chopper (level 5, -12/45 HPs)
             Began as a Hill Orc Monk on Aug 24, 2022.
             Was a Believer of Beogh.
             Mangled by an ogre
             ... wielding a +0 giant club
              (21 damage)
             ... on level 3 of the Dungeon.
             The game lasted 00:05:26 (2835 turns).

Hubris850 the Chopper (Hill Orc Monk)               Turns: 2835, Time: 00:05:26

Health: -12/45     AC: 10    Str: 16    XL:     5   Next: 7%
Magic:  5/5        EV:  7    Int: 10    God:    Beogh [**....]
Gold:   130        SH:  0    Dex: 13    Spells: 4/4 levels left

rFire   . . .      SeeInvis .    a - +0 hand axe
rCold   . . .      Faith    .    (no shield)
rNeg    . . .      Spirit   .    t - +0 chain mail
rPois   .          Reflect  .    e - +0 helmet
rElec   .          Harm     .    (no cloak)
rCorr   .          Rampage  .    (no gloves)
Will    .....                    (no boots)
Stlth   ..........               (no amulet)
HPRegen 0.15/turn                (no ring)
MPRegen 0.09/turn                (no ring)

@: no status effects
A: no striking features
a: Renounce Religion, Smiting


You were on level 3 of the Dungeon.
You worshipped Beogh.
Beogh was pleased with you.
You visited 1 branch of the dungeon, and saw 4 of its levels.

You collected 130 gold pieces.

Inventory:

Hand Weapons
 a - a +0 hand axe (weapon)
 o - a +2 short sword of protection
Missiles
 u - 2 throwing nets (quivered)
Armour
 b - a +0 robe
 e - a +0 helmet (worn)
 p - a +0 leather armour
 t - a +0 chain mail (worn)
Wands
 q - a wand of flame (22)
Scrolls
 f - a scroll of identify {unknown}
 j - 2 scrolls of teleportation {unknown}
 k - a scroll of vulnerability {unknown}
 n - a scroll of amnesia {unknown}
 s - a scroll of immolation {unknown}
Potions
 c - a potion of ambrosia
 d - a potion of flight {unknown}
 g - a potion of lignification {unknown}
 h - 2 potions of heal wounds {unknown}
 l - a potion of resistance {unknown}
 m - 2 potions of mutation {unknown}
 r - a potion of curing {unknown}


   Skills:
 - Level 3.6 Fighting
 * Level 6.3 Axes
 + Level 2.8 Armour
 - Level 2.4 Dodging
 - Level 1.5 Stealth


You had 4 spell levels left.
You didn't know any spells.
Your spell library contained the following spells:

 Spells                   Type           Power      Damage    Failure   Level
 Static Discharge         Conj/Air       0%         3-3/arc   100%        2
 Sublimation of Blood     Necr           0%         N/A       100%        2
 Wereblood                Tmut           0%         N/A       100%        2
 Dispel Undead            Necr           0%         3d6       100%        4
 Sticky Flame             Conj/Fire      0%         2d3       100%        4
 Summon Hydra             Summ           0%         N/A       100%        7


Dungeon Overview and Level Annotations

Branches:
Dungeon (4/15)
 Temple: D:4-7

Altars:

Shops:
D:1 (


Message History

There is a stone staircase leading up here.
You hit the goblin.
You kill the goblin!
Beogh accepts your kill.
No target in view!
You see here a +0 club.
You now have 111 gold pieces (gained 7).
Found 28 gold pieces and a flail.
You now have 130 gold pieces (gained 19).
An ogre comes into view. It is wielding a +0 giant club.
The ogre shouts!
You see here a +0 flail.
You see here 9 gold pieces.
Throw: 3 darts (poison)
Press: ? - help, Shift-Dir - straight line, f - ogre
Aim: an ogre, wielding a +0 giant club (73% to hit)
You throw a poisoned dart. The poisoned dart hits the ogre.
The ogre is poisoned.
Throw: 2 darts (poison)
Press: ? - help, Shift-Dir - straight line, f/p - ogre
Aim: an ogre, wielding a +0 giant club (poisoned, 73% to hit)
You throw a poisoned dart. The poisoned dart hits the ogre.
The ogre looks even sicker.
Throw: dart (poison)
Press: ? - help, Q - select action, (/) - cycle Shift-Dir - straight line, f/p - ogre
Aim: an ogre, wielding a +0 giant club (very poisoned, 73% to hit)
You throw a poisoned dart. The poisoned dart hits the ogre.
The ogre looks even sicker.
You barely miss the ogre. The ogre hits you with a +0 giant club!
You hit the ogre.
The ogre is lightly wounded.
The ogre hits you with a +0 giant club!!
Ouch! That really hurt!
* * * LOW HITPOINT WARNING * * *
You slash the ogre!
The ogre is moderately wounded.
You completely miss the ogre.
The ogre is moderately wounded.
The ogre hits you with a +0 giant club!!
You die...

# ## .#.# #.# #..#
#.# #.#(.# #.#
#.#(.# ..# #.#..#
#.# #.#O.# #.#
#.#@.# #.# #.#).#
#.###.#..###
#######..)<......#
............#.##.#
#######.##.##.# .#
#.##.##........
#.##.#####.###.
#.##.# #


You could see an ogre (very poisoned).

Vanquished Creatures
  Terence (D:2)
  Robin (D:2)
  An adder (D:2)
  4 worms (D:2)
  2 dart slugs (D:2)
  5 orcs (D:3)
  2 ball pythons (D:1)
  5 bats
  An endoplasm (D:2)
  4 giant cockroaches
  7 hobgoblins
  3 quokkas (D:1)
  A frilled lizard (D:2)
  13 goblins
  4 rats
54 creatures vanquished.

Notes
Turn   | Place    | Note
-------+----------+-------------------------------------------
     0 | D:1      | Hubris850 the Hill Orc Monk began the quest for the Orb.
     0 | D:1      | Reached XP level 1. HP: 19/19 MP: 1/1
    86 | D:1      | Found Goggeiqu's Weapon Boutique.
   343 | D:1      | Reached skill level 1 in Armour
   343 | D:1      | Reached XP level 2. HP: 26/26 MP: 2/2
   959 | D:1      | Found a faded altar of an unknown god.
  1215 | D:2      | Reached XP level 3. HP: 31/31 MP: 3/3
  1250 | D:3      | Reached skill level 5 in Axes
  1562 | D:4      | Became a worshipper of Beogh the Brigand
  1562 | D:4      | Reached * piety under Beogh
  1562 | D:4      | Reached ** piety under Beogh
  1854 | D:2      | Noticed Robin
  1868 | D:2      | Reached XP level 4. HP: 26/36 MP: 4/4
  1883 | D:2      | Killed Robin
  2321 | D:2      | Reached skill level 6 in Axes
  2610 | D:2      | Noticed Terence
  2623 | D:2      | Killed Terence
  2624 | D:2      | Reached XP level 5. HP: 28/45 MP: 5/5
  2827 | D:3      | Noticed an ogre
  2835 | D:3      | Mangled by an ogre

Illustrated notes

Levels and vault maps discovered:
D:1:      dpeg_arrival_three_bigger_balls, layout_basic,
          shapermc_ecumenical_altar_flowoftime, serial_shops, shop_statue,
          minmay_misc_feat_iff, nrook_uturn
D:2:      layout_basic, minmay_close_crescents, uniq_robin, uniq_terence
D:3:      layout_loops_ring, uniq_ijyb
D:4:      layout_loops_ring, palyth_temple_overflow_mages,
          mainiacjoe_overflow_tiny_flanked, serial_shops,
          nicolae_shop_behind_doors

Skill      XL: |  1  2  3  4 |
---------------+-------------+-----
Armour         | 1 2 |  2.8
Axes           | 5 6 |  6.3
Fighting       | |  3.6
Dodging        | |  2.4
Stealth        | |  1.5

Action                   |  1- 3 |  4- 6 || total
-------------------------+-------+-------++-------
Melee: Hand axe          |   119 |    77 ||   196
       Punch             |     1 |     2 ||     3
Throw: Dart              |       |     5 ||     5
       Throwing net      |       |     2 ||     2
Invok: Convert to Beogh  |     1 |       ||     1
 Stab: Sleeping          |     4 |       ||     4
Armor: Robe              |    24 |       ||    24
       Leather armour    |    18 |    12 ||    30
       Chain mail        |       |     3 ||     3
Dodge: Dodged            |    79 |    32 ||   111

Table legend: (Time is in decaauts)
 A = Elapsed time spent in this place.
 B = Non-inter-level travel time spent in this place.
 C = Inter-level travel time spent in this place.
 D = Time resting spent in this place.
 E = Time spent auto-exploring this place.
 F = Levels seen in this place.
 G = Mean time per level.
                   A        B        C        D        E       F      G
               +--------+--------+--------+--------+--------+-----+--------+
         Total |   2842 |   2834 |      8 |    949 |   1309 |   4 |  710.5 |
       Dungeon |   2842 |   2834 |      8 |    949 |   1309 |   4 |  710.5 |
               +--------+--------+--------+--------+--------+-----+--------+

Top non-repeatable levels by time:
     D:2: 1381 daAuts
     D:1: 1153 daAuts
     D:3: 302 daAuts
     D:4: 4 daAuts
